 Dungeon Crawl Stone Soup version 0.26.0-11-g8f856b5395 (webtiles) character file.

Game seed: 737699503964185356

3021 harryhousin the Cleaver (level 9, -1/68 HPs)
             Began as a Demigod Fighter on Jan 14, 2021.
             Killed by divine providence
             ... invoked by an orc priest
              (13 damage)
             ... on level 8 of the Dungeon.
             The game lasted 00:23:31 (7543 turns).

harryhousin the Cleaver (Demigod Fighter)           Turns: 7543, Time: 00:23:32

Health: -1/68      AC: 15    Str: 25    XL:     9   Next: 30%
Magic:  11/11      EV:  6    Int: 12    God:
Gold:   173        SH: 11    Dex: 15    Spells: 8/8 levels left

rFire    . . .     SeeInvis .   G - +1 morningstar (vorpal)
rCold    + . .     Faith    .   c - +0 kite shield
rNeg     . . .     Spirit   .   e - +0 chain mail
rPois    .         Reflect  .   x - +0 helmet
rElec    .         Harm     .   (no cloak)
rCorr    .         Rampage  .   (no gloves)
Will     .....                  (no boots)
Stlth    ..........             (no amulet)
HPRegen  0.21/turn              p - +4 ring of protection
MPRegen  0.12/turn              h - ring of protection from cold

@: no status effects
A: high mp 1
a: no special abilities


You were on level 8 of the Dungeon.
You visited 1 branch of the dungeon, and saw 8 of its levels.

You collected 500 gold pieces.
You spent 327 gold pieces at shops.

Inventory:

Hand Weapons
 a - a +1 war axe
 F - a +0 demon blade of flaming
 G - a +1 vorpal morningstar (weapon)
Armour
 c - a +0 kite shield (worn)
 e - a +0 chain mail (worn)
 x - a +0 helmet (worn)
Jewellery
 h - a ring of protection from cold (right hand)
 p - a +4 ring of protection (left hand)
 r - an uncursed ring of fire
Wands
 k - a wand of disintegration (9)
 n - a wand of random effects (44)
 D - a wand of iceblast (10)
Scrolls
 d - a scroll of summoning {unknown}
 f - 5 scrolls of remove curse
 i - a scroll of identify
 j - 3 scrolls of fog {unknown}
 o - 3 scrolls of teleportation
 t - a scroll of noise {unknown}
 u - a scroll of acquirement {unknown}
 w - 2 scrolls of magic mapping {unknown}
 y - a scroll of fear
 A - a scroll of enchant weapon
 B - 2 scrolls of blinking
Potions
 b - a potion of berserk rage
 g - a potion of invisibility {unknown}
 l - 3 potions of lignification
 m - 2 potions of mutation
 q - a potion of curing
 s - 2 potions of brilliance
 v - a potion of haste
 z - a potion of heal wounds {unknown}
 C - a potion of flight {unknown}
 E - a potion of ambrosia {unknown}


   Skills:
 - Level 2.6 Fighting
 - Level 8.9 Axes
 * Level 0.0(5.4) Maces & Flails
 + Level 6.7 Armour
 + Level 6.7 Shields


You had 8 spell levels left.
You didn't know any spells.
Your spell library contained the following spells:

 Spells                   Type           Power        Failure   Level
 Animate Skeleton         Necr           0%           99%         1
 Freeze                   Ice            0%           99%         1
 Pain                     Necr           0%           99%         1
 Frozen Ramparts          Ice            0%           100%        3
 Ozocubu's Armour         Ice            0%           100%        3
 Vampiric Draining        Necr           0%           100%        3
 Animate Dead             Necr           0%           100%        4
 Hailstorm                Conj/Ice       0%           100%        4
 Summon Ice Beast         Ice/Summ       0%           100%        4
 Agony                    Necr           0%           100%        5


Dungeon Overview and Level Annotations

Branches:
Dungeon (8/15)             Temple (0/1) D:4
   Lair: D:8-11

Shops:
D:5 }*:[(


Innate Abilities, Weirdness & Mutations

You have an increased reservoir of magic. (+10% MP)


Message History

a +1 vorpal morningstar; +0 steam dragon scales
G - a +1 vorpal morningstar An orc comes into view.
It is wielding a +0 dagger.
The orc warrior hits you with a +0 scimitar.
G - a +1 vorpal morningstar (weapon)
The orc shouts!
You barely miss the orc warrior. The orc warrior closely misses you.
An orc priest comes into view. It is wielding a +0 whip.
The orc warrior hits you with a +0 scimitar!
You barely miss the orc warrior.
The orc priest shouts!
The orc priest invokes the aid of Beogh against you.
Beogh smites you!
* * * LOW HITPOINT WARNING * * *
The orc warrior hits you but does no damage.
You thump the orc warrior!
The orc warrior is severely wounded.
The orc priest mumbles some strange prayers to Beogh against you.
Beogh smites you!
You die...

........ .......
....o ###..o##
##......##### #
#...!........
#.###...#o#...../
##.#....o...####
#.......@.#....##
#.#..#.....###.#..##
#....)..)## ##.#..#
.............##.#...#
....#'##.....#....#.#
##. #. #####..##.## #
# #..##.# #
+..##.##.... #+##
#............


You could see an orc warrior, an orc priest and 2 orcs.

Vanquished Creatures
  Maggie (D:8)
  Edmund (D:5)
  A water moccasin (D:7)
  An orc warrior (D:7)
  2 ice beasts
  A black bear (D:6)
  2 ogres
  2 phantoms
  A centaur (D:7)
  5 bullfrogs
  2 scorpions (D:6)
  5 killer bees (D:7)
  A howler monkey (D:8)
  A bullfrog skeleton (D:5)
  2 orc priests
  5 hounds
  8 orc wizards
  Crazy Yiuf (D:2)
  An iguana (D:5)
  Jessica (D:2)
  Natasha (thrice) (D:2)
  8 worker ants
  A worker ant zombie (D:7)
  6 gnolls
  A howler monkey skeleton (D:4)
  5 adders
  A shadow imp (D:8)
  A white imp (D:6)
  An ufetubus (D:2)
  An ooze (D:3)
  An adder zombie (D:7)
  2 worms
  3 dart slugs
  2 leopard geckos
  19 orcs
  2 bat zombies (D:2)
  4 giant cockroaches
  13 hobgoblins
  4 jackals (D:2)
  8 kobolds
  3 quokkas
  2 ball pythons
  9 bats
  6 frilled lizards
  4 goblins
  A leopard gecko skeleton (D:6)
  7 rats
  3 rat zombies (D:2)
165 creatures vanquished.

Notes
Turn   | Place    | Note
-------+----------+-------------------------------------------
     0 | D:1      | harryhousin the Demigod Fighter began the quest for the
                  | Orb.
     0 | D:1      | Reached XP level 1. HP: 18/18 MP: 3/3
    42 | D:1      | Reached skill level 2 in Axes
   127 | D:1      | Reached XP level 2. HP: 25/25 MP: 4/4
   775 | D:2      | Reached XP level 3. HP: 30/30 MP: 5/5
  1213 | D:2      | Noticed Jessica
  1214 | D:2      | Noticed Natasha
  1215 | D:2      | Reached skill level 3 in Axes
  1223 | D:2      | Killed Natasha
  1224 | D:2      | Reached XP level 4. HP: 18/37 MP: 6/6
  1224 | D:2      | Killed Jessica
  1431 | D:2      | Noticed Natasha
  1457 | D:2      | Killed Natasha
  1604 | D:2      | Found an ancient bone altar of Kikubaaqudgha.
  1647 | D:2      | Found a runed translucent door.
  1648 | D:2      | Noticed Crazy Yiuf
  1648 | D:2      | Noticed Natasha
  1653 | D:2      | Killed Natasha
  1654 | D:2      | Reached XP level 5. HP: 34/42 MP: 7/7
  1657 | D:2      | Killed Crazy Yiuf
  1942 | D:3      | Reached skill level 4 in Axes
  2561 | D:4      | Found a staircase to the Ecumenical Temple.
  2580 | D:4      | Reached XP level 6. HP: 38/50 MP: 8/8
  3130 | D:4      | Reached skill level 5 in Axes
  3466 | D:4      | Reached XP level 7. HP: 14/56 MP: 9/9
  3859 | D:5      | Entered Level 5 of the Dungeon
  3995 | D:5      | Found Zenorrox's Book Emporium.
  4015 | D:5      | Found Wiedgh's Assorted Antiques.
  4018 | D:5      | Bought 2 yellow potions for 50 gold pieces
  4018 | D:5      | Bought a scroll labelled FUXOLUAPAC for 28 gold pieces
  4018 | D:5      | Bought a scroll labelled ZOUCSO MUHEOTA for 28 gold pieces
  4018 | D:5      | Bought a scroll of identify for 56 gold pieces
  4018 | D:5      | Bought a scroll of identify for 56 gold pieces
  4018 | D:5      | Bought a golden potion for 25 gold pieces
  4018 | D:5      | Bought 2 scrolls labelled DAXETE TEANESU for 56 gold pieces
  4018 | D:5      | Bought a scroll labelled HIHID DECEMYENO for 28 gold pieces
  4131 | D:5      | Found Tooqyuwuna's Gadget Boutique.
  4143 | D:5      | Noticed Edmund
  4161 | D:5      | Killed Edmund
  4162 | D:5      | Reached skill level 6 in Axes
  4162 | D:5      | Reached skill level 5 in Armour
  4162 | D:5      | Reached skill level 5 in Shields
  4382 | D:5      | Found a bloodstained altar of Trog.
  4549 | D:5      | Found Limam's Antique Armour Emporium.
  4608 | D:5      | Found Maxu's Weapon Boutique.
  5271 | D:6      | Reached XP level 8. HP: 39/62 MP: 10/10
  5478 | D:6      | Reached skill level 7 in Axes
  6111 | D:7      | Found a snail-covered altar of Cheibriados.
  6351 | D:7      | Found a bloodstained altar of Trog.
  6382 | D:7      | Reached skill level 8 in Axes
  6383 | D:7      | HP: 1/62 [poisoned by a killer bee]
  6803 | D:7      | Reached XP level 9. HP: 66/68 MP: 11/11
  6822 | D:7      | Found a glowing golden altar of the Shining One.
  6824 | D:7      | Found an iron altar of Okawaru.
  7494 | D:8      | Noticed Maggie
  7513 | D:8      | Killed Maggie
  7543 | D:8      | Killed from afar by an orc priest

Illustrated notes

Levels and vault maps discovered:
D:1:      saegor_arrival_simple_a, layout_basic
D:2:      layout_rooms, lemuel_zombie_altar_kikubaaqudgha,
          amcnicky_mini_pool_small, uniq_jessica, uniq_natasha,
          uniq_crazy_yiuf_cottage
D:3:      layout_basic
D:4:      layout_loops_cross, minmay_temple_entry_overgrown,
          cheibrodos_gnoll_hut
D:5:      layout_loops_ring, lightli_temple_of_fire, serial_shops,
          nicolae_shop_crystal, nicolae_shop_waterfront, shop,
          kennysheep_mini_moat, shop, chequers_decorated_corner,
          kennysheep_generic_room_11, uniq_edmund
D:6:      layout_cave_pools, st_stairs_2
D:7:      layout_loops_cross, cheibriados_altar_1,
          nicolae_overflow_hidden_temple, basic_altar
D:8:      corexii_shantytown, layout_loops_ring, nzn_hepliaklqana_mist_gate,
          uniq_maggie

Skill      XL: |  1  2  3  4  5  6  7  8 |
---------------+-------------------------+-----
Axes           | 2 3 4 5 6 8 |  8.9
Shields        | 3 4 5 6 |  6.7
Armour         | 3 4 5 6 |  6.7
Fighting       | |  2.6

Action                   |  1- 3 |  4- 6 |  7- 9 || total
-------------------------+-------+-------+-------++-------
Melee: War axe           |   117 |   166 |   304 ||   587
       Unarmed           |       |    14 |       ||    14
       Morningstar       |       |       |     3 ||     3
  Use: Scroll            |       |     7 |     9 ||    16
       Potion            |       |     1 |     2 ||     3
Armor: Chain mail        |   106 |    95 |   196 ||   397
       Skin              |       |     1 |       ||     1
Dodge: Dodged            |    32 |    17 |    89 ||   138
Block: Kite shield       |    79 |    81 |   201 ||   361
